 Dungeon Crawl Stone Soup version bcrawl-1.27.1d (webtiles) character file.

Game seed: 5425886168262064737

253534 Banto the Skirmisher (level 8, -2/71 HPs)
             Began as a Demigod Wanderer on July 16, 2020.
             Slain by a yak (9 damage)
             ... on level 6 of the Dungeon.
             The game lasted 00:08:52 (4538 turns).

Banto the Skirmisher (Demigod Wanderer)             Turns: 4538, Time: 00:08:53

Health: -2/71      AC:  9    Str: 19    XL:     8   Next: 23%
Magic:  14/14      EV: 12    Int: 18    God:    Demigod [***...]
Gold:   179        SH:  0    Dex: 15    Spells: 7/7 levels left

rFire    . . .     SeeInvis .   l - +4 short sword
rCold    + . .     Gourm    .   (no shield)
rNeg     . . .     Faith    .   t - +1 scale mail
rPois    .         Spirit   .   (no helmet)
rElec    .         Reflect  .   d - +0 cloak
rCorr    .         Harm     .   (no gloves)
MR       .....                  (no boots)
Stlth    ..........             (no amulet)
HPRegen  0.21/turn              p - ring of the Turtledove {Slay+2 Stlth--}
MPRegen  0.14/turn              r - ring of protection from cold

@: no status effects
A: high mp 1
a: Temporal Distortion, Growth, Major Destruction


You were on level 6 of the Dungeon.
You worshipped Demigod.
Demigod was most pleased with you.
You were hungry.

You visited 1 branch of the dungeon, and saw 6 of its levels.

You collected 179 gold pieces.

Inventory:

Hand Weapons
 l - a +4 short sword (weapon)
Armour
 d - a +0 cloak (worn)
 t - a +1 scale mail (worn)
 v - a +0 buckler
Jewellery
 p - the ring of the Turtledove (left hand) {Slay+2 Stlth--}
   (You found it on level 3 of the Dungeon)

   [ring of attention]

   It affects your accuracy and damage with ranged weapons and melee attacks
   (+2).
   It makes you much less stealthy.
 r - a ring of protection from cold (right hand)
Wands
 u - a wand of polymorph (12)
 w - a wand of enslavement (9)
Scrolls
 i - 4 scrolls of teleportation
 m - 2 scrolls of remove curse
 o - a scroll of fog
 q - a scroll of amnesia
 s - a scroll of enchant weapon
Potions
 a - a potion of curing
 b - 2 potions of agility
 c - 2 potions of flight
 e - a potion of cancellation
 g - a potion of might
 h - a potion of magic {unknown}
 k - a potion of heal wounds
 n - a potion of brilliance {unknown}
 x - 2 potions of mutation {unknown}
Comestibles
 f - 11 rations {!d}


   Skills:
 - Level 6.7 Fighting
 - Level 1.0 Short Blades
 - Level 4.7 Armour
 - Level 4.8 Dodging
 - Level 2.0 Stealth
 + Level 4.2 Invocations
 - Level 1.0 Evocations


You had 7 spell levels left.
You didn't know any spells.
Your spell library contained the following spells:

 Spells                   Type           Power        Failure   Level  Hunger
 Apportation              Tloc           #.....       52%         1    None
 Infusion                 Chrm           #.......     52%         1    None
 Sandblast                Erth           #.....       52%         1    None
 Slow                     Hex            #.......     52%         1    None
 Summon Butterflies       Summ           #.......     52%         1    None


Dungeon Overview and Level Annotations

Branches:
Dungeon (6/12)             Temple (0/1) D:5

Shops:
D:5 }


Innate Abilities, Weirdness & Mutations

You have an increased reservoir of magic. (+10% MP)


Message History

An ice beast comes into view.
The yak bellows!
The gnoll shouts!
The yak closely misses you.
The orc wizard shouts!
The yak misses you. The iguana bites you.
* * * LOW HITPOINT WARNING * * *
You hit the bullfrog.
The bullfrog is moderately wounded.
The yak gores you but does no damage. The bullfrog hits you.
* * * LOW HITPOINT WARNING * * *
The orc wizard mumbles some strange words.
The orc wizard flickers and vanishes!
The ice beast hits you but does no damage.
The iguana bites you but does no damage.
The bullfrog hits you.
* * * LOW HITPOINT WARNING * * *
The yak gores you!
You die...
Your divinity fades.

#...##..##........
.##.###..###g.......
....#..g.##.........
..........o........
#.........o.......#
...#..go..........
.. ##Yl....##.....
... #.Y..#...#...#
....#F@..#.........
#........#...?......
.........##..###....
#
>..............#....
.
.....{..............
.
....................
....
..............#.[...
>..#
..............#...#
....
......#..##......#


You could see a yak, an ice beast, a bullfrog, an iguana, an orc wizard, 3
gnolls and 2 orcs.

Vanquished Creatures
  Sigmund (D:3)
  An orc warrior (D:6)
  A hungry ghost (D:5)
  An ogre (D:4)
  2 scorpions
  A crimson imp (D:5)
  4 hounds
  An orc priest (D:5)
  2 orc wizards
  A bullfrog skeleton (D:4)
  5 worker ants
  3 gnolls
  4 adders
  A howler monkey skeleton (D:6)
  2 shadow imps (D:4)
  3 oozes
  3 worms
  2 dart slugs (D:1)
  3 leopard geckos
  13 orcs
  A giant cockroach (D:1)
  7 goblins
  9 hobgoblins
  2 jackals (D:1)
  2 quokkas
  A ball python (D:4)
  6 bats
  7 frilled lizards
  12 kobolds
  A quokka zombie (D:4)
  10 rats
112 creatures vanquished.

Vanquished Creatures (collateral kills)
  2 orc wizards (D:6)
  An orc (D:6)
3 creatures vanquished.

Grand Total: 115 creatures vanquished

Notes
Turn   | Place    | Note
-------+----------+-------------------------------------------
     0 | D:1      | Banto the Demigod Wanderer began the quest for the Orb.
     0 | D:1      | Banto set off with the following items: a +2 short sword, a
                  | potion of agility, a potion of flight, a +0 robe, a ration
                  | {!d}, a +0 dagger
     0 | D:1      | Reached XP level 1. HP: 22/22 MP: 3/3
   105 | D:1      | Reached XP level 2. HP: 28/28 MP: 5/5
   206 | D:1      | Reached skill level 1 in Armour
   395 | D:1      | Reached XP level 3. HP: 35/35 MP: 6/6
   535 | D:1      | Reached * piety under Demigod
   863 | D:2      | Noticed a scorpion
   994 | D:2      | Reached skill level 5 in Fighting
  1019 | D:2      | Killed a scorpion
  1019 | D:2      | Reached XP level 4. HP: 28/42 MP: 7/7
  1916 | D:3      | Reached ** piety under Demigod
  2114 | D:3      | Reached XP level 5. HP: 47/48 MP: 8/8
  2144 | D:3      | Got a twitching tin ring
  2145 | D:3      | Identified the ring of the Turtledove {Slay+2 Stlth--} (You
                  | found it on level 3 of the Dungeon)
  2230 | D:3      | Noticed Sigmund
  2278 | D:2      | Learned a level 1 spell: Infusion
  2290 | D:3      | Killed Sigmund
  2290 | D:3      | Reached XP level 6. HP: 35/57 MP: 7/9
  2448 | D:3      | Found a snail-covered altar of Cheibriados.
  2821 | D:4      | Reached skill level 6 in Fighting
  2827 | D:4      | Reached XP level 7. HP: 42/63 MP: 10/10
  3473 | D:5      | Entered Level 5 of the Dungeon
  3545 | D:5      | Found a staircase to the Ecumenical Temple.
  3684 | D:5      | Found Ywnosuo's Gadget Emporium.
  3762 | D:5      | Noticed a hungry ghost
  3779 | D:5      | Killed a hungry ghost
  3846 | D:6      | Noticed a yak
  4189 | D:6      | Reached XP level 8. HP: 58/71 MP: 11/11
  4195 | D:6      | Reached *** piety under Demigod
  4422 | D:6      | Reached skill level 1 in Invocations
  4450 | D:6      | HP: 1/71 [orc/+0 mace (3)]
  4520 | D:6      | HP: 3/71 [poisoned by a worker ant]
  4538 | D:6      | Slain by a yak

Skill      XL: |  1  2  3  4  5  6  7  8 |
---------------+-------------------------+-----
Armour         | 1 2 3 4 |  4.7
Dodging        | 2 3 4 |  4.8
Fighting       | 5 6 |  6.7
Invocations    | 4 |  4.2
Short Blades   | |  1.0
Stealth        | |  2.0
Evocations     | |  1.0

Action                   |  1- 3 |  4- 6 |  7- 9 || total
-------------------------+-------+-------+-------++-------
Melee: Short sword       |    88 |   118 |   168 ||   374
 Cast: Infusion          |       |     2 |       ||     2
Invok: Growth            |       |       |     1 ||     1
Evoke: Wand              |       |       |     1 ||     1
  Use: Scroll            |     2 |     7 |     8 ||    17
       Potion            |       |       |     2 ||     2
 Stab: Sleeping          |     7 |     5 |     1 ||    13
  Eat: Chunk             |     3 |     8 |    12 ||    23
       Ration            |       |       |     1 ||     1
Armor: Robe              |     8 |    11 |     3 ||    22
       Scale mail        |       |       |    69 ||    69
Dodge: Dodged            |    54 |    73 |   114 ||   241
